[ PARTIDA AOE2 · #469017374 ]
UnrankedMongoles vs Bulgarians
[ ANÁLISIS DE REPETICIÓN · EXTRAÍDO DE LA PARTIDA GRABADA ]
Feudal
11:52
Castillos
18:42
Imperial
44:47
| APM promedio | 57.5 |
| APM pico | 119 |
| eAPM promedio | 33.2 |
| Aldeanos / militares | 282 / 595 |
Foco
⚔️ 51.0% · 🌾 49.0%
Scout Cavalry ×262 · Camel Scout ×176 · Mangudai ×133 · Knight ×19 · Trebuchet (Packed) ×2 · Monk ×1
Feudal
11:37
Castillos
23:51
Imperial
46:07
| APM promedio | 68.4 |
| APM pico | 146 |
| eAPM promedio | 35.0 |
| Aldeanos / militares | 158 / 427 |
Foco
⚔️ 41.6% · 🌾 58.4%
Skirmisher ×252 · Archer ×89 · Hand Cannoneer ×72 · Trebuchet (Packed) ×7 · Flemish Militia ×4 · Spearman ×3
Feudal
13:23
Castillos
16:59
Imperial
38:43
| APM promedio | 52.4 |
| APM pico | 88 |
| eAPM promedio | 32.5 |
| Aldeanos / militares | 207 / 438 |
Foco
⚔️ 41.7% · 🌾 58.3%
Scout Cavalry ×179 · Konnik ×151 · Knight ×101 · Trade Cart ×4 · Trebuchet (Packed) ×4 · Monk ×2
Feudal
13:21
Castillos
23:59
Imperial
44:58
| APM promedio | 76.2 |
| APM pico | 127 |
| eAPM promedio | 40.1 |
| Aldeanos / militares | 239 / 268 |
Foco
⚔️ 42.5% · 🌾 57.5%
Genoese Crossbowman ×103 · Skirmisher ×90 · Archer ×65 · Hand Cannoneer ×5 · Bombard Cannon ×2 · Trebuchet (Packed) ×2
Mapa de la partida
Recursos iniciales + cada clic de construcción. Líneas = muros · curvas = relieve. ◆ oro · ⬟ piedra · ● bayas · ✦ reliquia · ◌ hueco del cierre
Tu base· Abierta — hueco de 4t
Base de PlaYBoY· Abierta — flanco sin cerrar
Base de sacaninha· Abierta — hueco de 6t
Base de Old Time· Abierta — hueco de 6t
Terreno inicial suavizado · ◌ = hueco del cierre detectado · pasá el cursor para detalles
Inputs por minuto
— mentalist_ - - PlaYBoY
Build order — mentalist_
Primeras 150 de 935 acciones detectadas
| 0:02 | Construir | Town Center |
| 0:15 | Construir | Town Center |
| 2:12 | Construir | House |
| 2:27 | Crear | Villager (Male) |
| 2:27 | Crear | Villager (Male) |
| 2:27 | Crear | Villager (Male) |
| 2:28 | Crear | Villager (Male) |
| 2:28 | Crear | Villager (Male) |
| 3:35 | Crear | Villager (Male) |
| 4:28 | Crear | Villager (Male) |
| 4:42 | Crear | Villager (Male) |
| 4:54 | Crear | Villager (Male) |
| 4:58 | Crear | Villager (Male) |
| 5:18 | Crear | Villager (Male) |
| 5:22 | Construir | House |
| 5:26 | Investigar | Loom |
| 5:46 | Crear | Villager (Male) |
| 5:51 | Crear | Villager (Male) |
| 6:13 | Construir | Lumber Camp |
| 6:27 | Crear | Villager (Male) |
| 6:55 | Crear | Villager (Male) |
| 7:05 | Crear | Villager (Male) |
| 7:10 | Construir | House |
| 7:11 | Crear | Villager (Male) |
| 7:27 | Crear | Villager (Male) |
| 7:43 | Construir | House |
| 8:01 | Crear | Villager (Male) |
| 8:44 | Crear | Villager (Male) |
| 8:57 | Construir | Mill |
| 9:16 | Crear | Villager (Male) |
| 9:42 | Investigar | Feudal Age |
| 10:48 | Construir | Barracks |
| 11:40 | Crear | Villager (Male) |
| 11:52 | Edad | Edad Feudal |
| 11:54 | Construir | Watch Tower |
| 11:56 | Construir | Stable |
| 11:57 | Crear | Villager (Male) |
| 11:59 | Crear | Villager (Male) |
| 12:00 | Crear | Villager (Male) |
| 12:06 | Investigar | Double-Bit Axe |
| 12:06 | Investigar | Double-Bit Axe |
| 12:26 | Construir | House |
| 12:31 | Crear | Scout Cavalry |
| 12:31 | Crear | Scout Cavalry |
| 12:31 | Crear | Scout Cavalry |
| 12:31 | Crear | Scout Cavalry |
| 12:33 | Crear | Villager (Male) |
| 12:56 | Construir | Mining Camp |
| 13:14 | Crear | Scout Cavalry |
| 13:15 | Crear | Villager (Male) |
| 13:35 | Construir | Blacksmith |
| 13:40 | Crear | Villager (Male) |
| 13:41 | Crear | Scout Cavalry |
| 14:24 | Crear | Villager (Male) |
| 14:37 | Crear | Scout Cavalry |
| 14:44 | Construir | House |
| 15:15 | Crear | Scout Cavalry |
| 15:19 | Crear | Villager (Male) |
| 16:02 | Investigar | Castle Age |
| 17:05 | Investigar | Horse Collar |
| 17:05 | Investigar | Horse Collar |
| 17:11 | Crear | Scout Cavalry |
| 18:10 | Investigar | Bloodlines |
| 18:10 | Investigar | Bloodlines |
| 18:10 | Investigar | Bloodlines |
| 18:19 | Construir | Palisade Wall |
| 18:36 | Crear | Villager (Male) |
| 18:42 | Edad | Edad de los Castillos |
| 18:47 | Crear | Spearman |
| 18:47 | Crear | Camel Scout |
| 18:53 | Crear | Villager (Male) |
| 18:58 | Crear | Camel Scout |
| 19:06 | Crear | Camel Scout |
| 19:13 | Crear | Villager (Male) |
| 19:25 | Crear | Villager (Male) |
| 19:33 | Construir | Town Center |
| 19:38 | Crear | Villager (Male) |
| 19:49 | Crear | Villager (Male) |
| 20:03 | Construir | Farm |
| 20:16 | Crear | Villager (Male) |
| 20:20 | Construir | Farm |
| 20:34 | Construir | Town Center |
| 20:42 | Crear | Villager (Male) |
| 20:59 | Construir | House |
| 21:12 | Crear | Villager (Male) |
| 21:17 | Crear | Villager (Male) |
| 21:34 | Crear | Knight |
| 21:41 | Construir | Farm |
| 21:57 | Crear | Villager (Male) |
| 22:08 | Investigar | Scale Barding Armor |
| 22:08 | Investigar | Scale Barding Armor |
| 22:19 | Crear | Villager (Male) |
| 23:10 | Construir | Farm |
| 23:12 | Construir | Farm |
| 23:16 | Construir | Farm |
| 23:16 | Crear | Villager (Male) |
| 23:30 | Crear | Villager (Male) |
| 23:50 | Crear | Knight |
| 23:55 | Crear | Villager (Male) |
| 24:09 | Crear | Villager (Male) |
| 24:11 | Construir | Farm |
| 24:30 | Crear | Villager (Male) |
| 24:33 | Crear | Villager (Male) |
| 24:36 | Construir | Town Center |
| 24:37 | Crear | Villager (Male) |
| 24:45 | Crear | Villager (Male) |
| 24:48 | Construir | Monastery |
| 24:49 | Crear | Villager (Male) |
| 24:52 | Crear | Villager (Male) |
| 24:56 | Crear | Villager (Male) |
| 24:59 | Crear | Villager (Male) |
| 25:00 | Crear | Villager (Male) |
| 25:07 | Crear | Villager (Male) |
| 25:28 | Investigar | Wheelbarrow |
| 25:28 | Investigar | Wheelbarrow |
| 25:32 | Investigar | Bow Saw |
| 25:39 | Construir | House |
| 25:41 | Crear | Villager (Male) |
| 25:43 | Crear | Monk |
| 25:45 | Construir | House |
| 25:50 | Crear | Villager (Male) |
| 25:54 | Crear | Camel Scout |
| 25:55 | Crear | Villager (Male) |
| 26:00 | Crear | Villager (Male) |
| 26:03 | Crear | Villager (Male) |
| 26:17 | Crear | Camel Scout |
| 26:30 | Crear | Knight |
| 26:45 | Construir | House |
| 26:57 | Crear | Villager (Male) |
| 27:05 | Crear | Camel Scout |
| 27:18 | Construir | Farm |
| 27:26 | Investigar | Horse Collar |
| 27:26 | Investigar | Horse Collar |
| 27:27 | Crear | Villager (Male) |
| 27:34 | Construir | Mill |
| 27:42 | Investigar | Town Watch |
| 27:42 | Investigar | Town Watch |
| 27:43 | Crear | Knight |
| 27:57 | Crear | Knight |
| 28:05 | Crear | Villager (Male) |
| 28:08 | Crear | Knight |
| 28:10 | Crear | Villager (Male) |
| 28:10 | Crear | Villager (Male) |
| 28:21 | Investigar | Forging |
| 28:21 | Investigar | Forging |
| 28:22 | Crear | Villager (Male) |
| 28:35 | Crear | Villager (Male) |
| 28:37 | Construir | Stable |
| 28:38 | Crear | Villager (Male) |
| 28:41 | Construir | Farm |
Build order — PlaYBoY
Primeras 150 de 723 acciones detectadas
| 0:37 | Construir | Town Center |
| 2:27 | Crear | Villager (Male) |
| 2:30 | Construir | House |
| 2:34 | Crear | Villager (Male) |
| 2:36 | Investigar | Loom |
| 2:43 | Crear | Villager (Male) |
| 2:52 | Crear | Villager (Male) |
| 3:16 | Crear | Villager (Male) |
| 4:04 | Crear | Villager (Male) |
| 4:19 | Crear | Villager (Male) |
| 5:09 | Crear | Villager (Male) |
| 5:12 | Crear | Villager (Male) |
| 5:29 | Construir | House |
| 5:34 | Construir | House |
| 5:55 | Crear | Villager (Male) |
| 5:58 | Crear | Villager (Male) |
| 6:19 | Construir | Lumber Camp |
| 6:35 | Crear | Villager (Male) |
| 6:42 | Crear | Villager (Male) |
| 7:14 | Construir | House |
| 7:36 | Crear | Villager (Male) |
| 8:05 | Crear | Villager (Male) |
| 8:08 | Construir | Mill |
| 8:12 | Crear | Villager (Male) |
| 9:27 | Investigar | Feudal Age |
| 9:55 | Investigar | Double-Bit Axe |
| 10:29 | Construir | House |
| 10:32 | Crear | Villager (Male) |
| 10:55 | Construir | Barracks |
| 11:04 | Crear | Villager (Male) |
| 11:19 | Crear | Villager (Male) |
| 11:37 | Edad | Edad Feudal |
| 11:43 | Construir | Archery Range |
| 11:46 | Crear | Villager (Male) |
| 12:01 | Crear | Flemish Militia |
| 12:10 | Construir | House |
| 12:25 | Crear | Flemish Militia |
| 12:26 | Crear | Archer |
| 12:32 | Construir | Palisade Gate |
| 12:36 | Crear | Archer |
| 12:37 | Crear | Villager (Male) |
| 12:47 | Construir | Blacksmith |
| 13:06 | Construir | Watch Tower |
| 13:14 | Crear | Archer |
| 13:15 | Crear | Villager (Male) |
| 13:47 | Crear | Archer |
| 13:52 | Investigar | Fletching |
| 14:22 | Construir | Palisade Wall |
| 15:02 | Crear | Villager (Male) |
| 15:07 | Construir | Palisade Wall |
| 15:08 | Construir | Palisade Wall |
| 15:10 | Construir | Palisade Wall |
| 15:11 | Construir | House |
| 15:13 | Construir | Palisade Wall |
| 15:16 | Crear | Villager (Male) |
| 15:18 | Crear | Flemish Militia |
| 15:29 | Crear | Spearman |
| 15:30 | Crear | Archer |
| 15:39 | Crear | Archer |
| 16:33 | Crear | Villager (Male) |
| 16:41 | Crear | Villager (Male) |
| 16:45 | Investigar | Horse Collar |
| 16:59 | Construir | Farm |
| 17:00 | Construir | Farm |
| 17:01 | Construir | Farm |
| 17:01 | Construir | Farm |
| 17:06 | Construir | Farm |
| 17:07 | Crear | Villager (Male) |
| 17:10 | Crear | Archer |
| 17:11 | Crear | Archer |
| 17:14 | Construir | Farm |
| 17:15 | Construir | Farm |
| 17:18 | Construir | Farm |
| 17:23 | Crear | Archer |
| 17:29 | Crear | Villager (Male) |
| 18:17 | Crear | Villager (Male) |
| 18:20 | Construir | Farm |
| 18:21 | Construir | Farm |
| 18:23 | Crear | Villager (Male) |
| 18:56 | Crear | Villager (Male) |
| 19:00 | Crear | Villager (Male) |
| 19:11 | Crear | Villager (Male) |
| 19:39 | Crear | Villager (Male) |
| 19:47 | Crear | Villager (Male) |
| 19:52 | Construir | Market |
| 20:06 | Construir | House |
| 20:10 | Construir | Lumber Camp |
| 20:19 | Construir | House |
| 21:11 | Investigar | Castle Age |
| 21:50 | Crear | Archer |
| 21:51 | Crear | Flemish Militia |
| 22:03 | Crear | Villager (Male) |
| 22:04 | Crear | Archer |
| 22:10 | Construir | Archery Range |
| 22:13 | Crear | Spearman |
| 22:29 | Crear | Spearman |
| 22:32 | Investigar | Forging |
| 22:49 | Crear | Archer |
| 22:59 | Crear | Archer |
| 23:19 | Crear | Villager (Male) |
| 23:27 | Crear | Archer |
| 23:51 | Edad | Edad de los Castillos |
| 23:53 | Investigar | Bodkin Arrow |
| 24:26 | Crear | Villager (Male) |
| 24:27 | Crear | Archer |
| 24:30 | Crear | Villager (Male) |
| 24:32 | Crear | Villager (Male) |
| 24:46 | Investigar | Crossbowman (upgrade) |
| 25:05 | Construir | Palisade Wall |
| 25:10 | Crear | Villager (Male) |
| 25:16 | Crear | Archer |
| 25:25 | Construir | Farm |
| 25:25 | Crear | Villager (Male) |
| 25:35 | Crear | Archer |
| 25:38 | Crear | Archer |
| 25:42 | Crear | Villager (Male) |
| 25:47 | Crear | Archer |
| 26:03 | Construir | University |
| 26:04 | Crear | Villager (Male) |
| 26:05 | Crear | Archer |
| 26:09 | Construir | House |
| 26:15 | Construir | House |
| 26:17 | Crear | Archer |
| 26:46 | Crear | Villager (Male) |
| 26:48 | Crear | Archer |
| 26:55 | Construir | Town Center |
| 26:59 | Construir | Town Center |
| 27:03 | Crear | Archer |
| 27:09 | Crear | Villager (Male) |
| 27:13 | Investigar | Ballistics |
| 27:20 | Crear | Villager (Male) |
| 27:24 | Construir | Outpost |
| 27:25 | Construir | Outpost |
| 27:26 | Investigar | Town Watch |
| 28:06 | Crear | Archer |
| 28:06 | Crear | Archer |
| 28:20 | Crear | Villager (Male) |
| 28:21 | Crear | Villager (Male) |
| 28:23 | Crear | Archer |
| 28:29 | Crear | Archer |
| 28:36 | Construir | House |
| 28:42 | Crear | Archer |
| 28:44 | Investigar | Padded Archer Armor |
| 28:57 | Crear | Villager (Male) |
| 28:59 | Construir | House |
| 29:02 | Construir | Town Center |
| 29:06 | Crear | Villager (Male) |
| 29:10 | Crear | Archer |
| 29:17 | Investigar | Bow Saw |
| 29:17 | Crear | Villager (Male) |
Build order — sacaninha
Primeras 150 de 862 acciones detectadas
| 0:08 | Construir | Town Center |
| 2:25 | Construir | House |
| 2:28 | Crear | Villager (Male) |
| 2:28 | Crear | Villager (Male) |
| 2:29 | Crear | Villager (Male) |
| 2:29 | Crear | Villager (Male) |
| 3:35 | Crear | Villager (Male) |
| 3:41 | Construir | House |
| 3:55 | Crear | Villager (Male) |
| 4:25 | Crear | Villager (Male) |
| 4:53 | Construir | Lumber Camp |
| 4:56 | Crear | Villager (Male) |
| 4:58 | Construir | House |
| 5:11 | Crear | Villager (Male) |
| 5:14 | Construir | House |
| 5:26 | Construir | House |
| 5:32 | Crear | Villager (Male) |
| 5:35 | Crear | Villager (Male) |
| 6:22 | Crear | Villager (Male) |
| 6:22 | Crear | Villager (Male) |
| 6:40 | Construir | House |
| 6:58 | Crear | Villager (Male) |
| 6:59 | Crear | Villager (Male) |
| 7:18 | Construir | Mill |
| 7:22 | Crear | Villager (Male) |
| 7:30 | Construir | House |
| 7:56 | Construir | House |
| 8:01 | Crear | Villager (Male) |
| 8:01 | Crear | Villager (Male) |
| 8:07 | Crear | Villager (Male) |
| 8:08 | Construir | House |
| 8:29 | Construir | House |
| 8:49 | Construir | Mining Camp |
| 9:13 | Crear | Villager (Male) |
| 9:18 | Crear | Villager (Male) |
| 10:08 | Crear | Villager (Male) |
| 10:26 | Investigar | Loom |
| 10:35 | Crear | Villager (Male) |
| 10:46 | Construir | House |
| 10:50 | Investigar | Feudal Age |
| 10:52 | Construir | Barracks |
| 11:01 | Construir | House |
| 11:17 | Construir | House |
| 11:35 | Construir | House |
| 11:53 | Construir | House |
| 11:56 | Investigar | Loom |
| 13:22 | Crear | Villager (Male) |
| 13:23 | Edad | Edad Feudal |
| 13:25 | Construir | Stable |
| 13:30 | Construir | Market |
| 13:37 | Construir | Market |
| 13:52 | Crear | Spearman |
| 14:19 | Investigar | Castle Age |
| 14:19 | Investigar | Castle Age |
| 14:24 | Crear | Scout Cavalry |
| 14:24 | Crear | Scout Cavalry |
| 14:31 | Construir | Blacksmith |
| 14:35 | Construir | House |
| 14:43 | Crear | Scout Cavalry |
| 15:05 | Crear | Scout Cavalry |
| 15:41 | Investigar | Forging |
| 15:42 | Investigar | Forging |
| 16:10 | Crear | Scout Cavalry |
| 16:27 | Investigar | Horse Collar |
| 16:29 | Crear | Villager (Male) |
| 16:51 | Crear | Villager (Male) |
| 16:59 | Edad | Edad de los Castillos |
| 17:01 | Construir | Town Center |
| 17:11 | Investigar | Light Cavalry (upgrade) |
| 17:21 | Crear | Villager (Male) |
| 17:21 | Crear | Villager (Male) |
| 17:26 | Construir | Farm |
| 17:42 | Construir | House |
| 17:45 | Construir | House |
| 17:47 | Construir | House |
| 17:50 | Crear | Villager (Male) |
| 17:52 | Crear | Villager (Male) |
| 18:03 | Crear | Villager (Male) |
| 18:05 | Construir | Farm |
| 18:19 | Crear | Villager (Male) |
| 18:34 | Investigar | Scale Barding Armor |
| 18:52 | Crear | Villager (Male) |
| 19:15 | Crear | Villager (Male) |
| 19:25 | Crear | Villager (Male) |
| 19:32 | Crear | Villager (Male) |
| 19:35 | Construir | Farm |
| 19:35 | Construir | Farm |
| 19:35 | Construir | Farm |
| 19:46 | Crear | Villager (Male) |
| 19:55 | Investigar | Wheelbarrow |
| 20:05 | Crear | Villager (Male) |
| 20:19 | Construir | Farm |
| 20:24 | Construir | Farm |
| 20:33 | Crear | Villager (Male) |
| 20:37 | Construir | Farm |
| 20:47 | Crear | Villager (Male) |
| 20:53 | Construir | Farm |
| 20:59 | Crear | Villager (Male) |
| 21:01 | Crear | Knight |
| 21:24 | Construir | Farm |
| 21:29 | Crear | Villager (Male) |
| 21:31 | Construir | Farm |
| 21:55 | Crear | Villager (Male) |
| 22:03 | Crear | Villager (Male) |
| 22:06 | Construir | Farm |
| 22:07 | Construir | Farm |
| 22:07 | Construir | Farm |
| 22:25 | Crear | Villager (Male) |
| 22:27 | Construir | Farm |
| 22:33 | Crear | Villager (Male) |
| 22:35 | Construir | Farm |
| 22:39 | Crear | Villager (Male) |
| 22:41 | Construir | House |
| 22:42 | Construir | House |
| 22:52 | Crear | Knight |
| 23:27 | Construir | Town Center |
| 23:33 | Crear | Villager (Male) |
| 23:35 | Investigar | Chain Barding Armor |
| 23:35 | Investigar | Chain Barding Armor |
| 23:40 | Investigar | Double-Bit Axe |
| 23:41 | Crear | Villager (Male) |
| 23:51 | Crear | Villager (Male) |
| 24:02 | Construir | Stable |
| 24:08 | Crear | Villager (Male) |
| 24:11 | Crear | Knight |
| 24:12 | Crear | Knight |
| 24:19 | Crear | Villager (Male) |
| 24:23 | Crear | Villager (Male) |
| 24:25 | Construir | Farm |
| 24:36 | Construir | Farm |
| 24:38 | Crear | Villager (Male) |
| 24:41 | Construir | Farm |
| 24:42 | Crear | Villager (Male) |
| 24:54 | Crear | Knight |
| 24:54 | Crear | Knight |
| 24:54 | Crear | Knight |
| 24:57 | Crear | Villager (Male) |
| 25:02 | Crear | Knight |
| 25:02 | Crear | Knight |
| 25:08 | Construir | Farm |
| 25:16 | Construir | House |
| 25:16 | Construir | House |
| 25:17 | Construir | House |
| 25:18 | Construir | House |
| 25:23 | Crear | Villager (Male) |
| 25:25 | Crear | Villager (Male) |
| 25:29 | Construir | House |
| 25:29 | Construir | House |
| 25:30 | Crear | Knight |
| 25:34 | Construir | Farm |
Build order — Old Time
Primeras 150 de 796 acciones detectadas
| 1:05 | Construir | Town Center |
| 2:50 | Crear | Villager (Male) |
| 2:51 | Crear | Villager (Male) |
| 2:54 | Construir | House |
| 3:01 | Crear | Villager (Male) |
| 3:19 | Crear | Villager (Male) |
| 4:15 | Crear | Villager (Male) |
| 4:16 | Construir | House |
| 4:19 | Construir | House |
| 4:39 | Construir | House |
| 4:42 | Construir | House |
| 4:46 | Crear | Villager (Male) |
| 5:02 | Crear | Villager (Male) |
| 5:02 | Crear | Villager (Male) |
| 5:20 | Construir | Lumber Camp |
| 5:22 | Crear | Villager (Male) |
| 5:22 | Crear | Villager (Male) |
| 5:38 | Crear | Villager (Male) |
| 5:58 | Crear | Villager (Male) |
| 6:34 | Crear | Villager (Male) |
| 6:47 | Crear | Villager (Male) |
| 6:49 | Construir | House |
| 7:07 | Construir | House |
| 7:11 | Crear | Villager (Male) |
| 7:20 | Construir | House |
| 7:33 | Construir | House |
| 7:39 | Crear | Villager (Male) |
| 7:47 | Construir | House |
| 7:59 | Crear | Villager (Male) |
| 8:11 | Crear | Villager (Male) |
| 8:44 | Crear | Villager (Male) |
| 8:59 | Crear | Villager (Male) |
| 9:02 | Construir | House |
| 9:15 | Crear | Villager (Male) |
| 9:24 | Construir | Mill |
| 9:38 | Crear | Villager (Male) |
| 10:19 | Crear | Villager (Male) |
| 10:48 | Construir | Mining Camp |
| 11:05 | Investigar | Feudal Age |
| 11:05 | Investigar | Feudal Age |
| 11:44 | Construir | Palisade Wall |
| 11:47 | Construir | Palisade Wall |
| 11:48 | Construir | Palisade Wall |
| 12:07 | Construir | Palisade Wall |
| 12:09 | Construir | Palisade Wall |
| 12:24 | Construir | House |
| 12:27 | Construir | Palisade Wall |
| 12:36 | Construir | House |
| 12:42 | Construir | Palisade Wall |
| 12:45 | Construir | Palisade Wall |
| 12:47 | Construir | Palisade Wall |
| 12:48 | Construir | Palisade Wall |
| 12:49 | Construir | Palisade Wall |
| 13:01 | Crear | Villager (Male) |
| 13:21 | Edad | Edad Feudal |
| 13:22 | Construir | Watch Tower |
| 13:37 | Construir | Market |
| 13:44 | Investigar | Loom |
| 13:51 | Construir | Palisade Wall |
| 14:12 | Crear | Villager (Male) |
| 14:18 | Construir | Palisade Wall |
| 14:19 | Construir | Palisade Wall |
| 14:28 | Crear | Villager (Male) |
| 14:44 | Crear | Villager (Male) |
| 14:51 | Crear | Villager (Male) |
| 14:57 | Crear | Villager (Male) |
| 15:04 | Crear | Villager (Male) |
| 15:16 | Construir | House |
| 15:18 | Construir | Palisade Wall |
| 15:24 | Crear | Villager (Male) |
| 15:33 | Construir | Palisade Gate |
| 15:42 | Crear | Villager (Male) |
| 15:54 | Crear | Villager (Male) |
| 16:22 | Crear | Villager (Male) |
| 16:38 | Crear | Villager (Male) |
| 16:47 | Construir | Palisade Wall |
| 16:48 | Construir | Palisade Wall |
| 16:52 | Crear | Villager (Male) |
| 17:00 | Construir | Mining Camp |
| 17:10 | Construir | Farm |
| 17:11 | Construir | Farm |
| 17:11 | Construir | Farm |
| 17:11 | Construir | Farm |
| 17:37 | Construir | Blacksmith |
| 17:44 | Construir | Stone Wall |
| 17:49 | Construir | Stone Wall |
| 17:53 | Crear | Villager (Male) |
| 17:56 | Construir | House |
| 18:07 | Construir | House |
| 18:08 | Construir | Stone Wall |
| 18:08 | Construir | Stone Wall |
| 18:31 | Crear | Villager (Male) |
| 18:35 | Construir | Farm |
| 18:39 | Construir | Stone Wall |
| 18:41 | Construir | Stone Wall |
| 19:00 | Construir | Watch Tower |
| 19:25 | Construir | Mining Camp |
| 19:31 | Construir | Farm |
| 19:32 | Crear | Villager (Male) |
| 19:51 | Construir | Stone Wall |
| 19:56 | Construir | Farm |
| 20:14 | Construir | Outpost |
| 20:15 | Construir | Outpost |
| 20:19 | Crear | Villager (Male) |
| 20:36 | Construir | Farm |
| 20:47 | Crear | Villager (Male) |
| 20:53 | Construir | Palisade Wall |
| 20:54 | Construir | Palisade Wall |
| 20:56 | Construir | Palisade Wall |
| 21:04 | Construir | Palisade Wall |
| 21:19 | Investigar | Castle Age |
| 21:19 | Investigar | Castle Age |
| 21:23 | Construir | House |
| 21:25 | Construir | Palisade Wall |
| 21:26 | Construir | Palisade Wall |
| 21:44 | Construir | Palisade Wall |
| 21:46 | Construir | Palisade Wall |
| 21:48 | Construir | Palisade Wall |
| 21:49 | Construir | Palisade Wall |
| 21:51 | Construir | Palisade Wall |
| 22:11 | Construir | House |
| 22:12 | Construir | Palisade Wall |
| 22:13 | Construir | Palisade Wall |
| 22:19 | Construir | Watch Tower |
| 22:22 | Investigar | Fletching |
| 22:22 | Investigar | Fletching |
| 22:28 | Construir | House |
| 22:29 | Construir | Palisade Wall |
| 22:31 | Construir | Palisade Wall |
| 22:32 | Construir | Palisade Wall |
| 22:33 | Construir | Palisade Wall |
| 22:34 | Construir | Palisade Wall |
| 22:38 | Construir | Palisade Wall |
| 22:54 | Crear | Villager (Male) |
| 23:11 | Construir | Palisade Wall |
| 23:12 | Construir | Palisade Wall |
| 23:39 | Crear | Villager (Male) |
| 23:59 | Edad | Edad de los Castillos |
| 24:01 | Construir | Castle |
| 24:28 | Construir | Town Center |
| 24:33 | Investigar | Bodkin Arrow |
| 24:34 | Investigar | Bodkin Arrow |
| 24:43 | Crear | Villager (Male) |
| 25:09 | Construir | Monastery |
| 25:14 | Crear | Genoese Crossbowman |
| 25:15 | Crear | Genoese Crossbowman |
| 25:16 | Crear | Villager (Male) |
| 25:17 | Construir | University |
| 25:33 | Crear | Genoese Crossbowman |
| 25:39 | Construir | Farm |
Cronología de la partida
| 10:48 | mentalist_ · first_building Barracks |
| 10:52 | sacaninha · first_building Barracks |
| 10:55 | PlaYBoY · first_building Barracks |
| 11:37 | PlaYBoY · age_up feudal |
| 11:43 | PlaYBoY · first_building Archery Range |
| 11:44 | Old Time · wall_segment Palisade Wall x9 |
| 11:47 | Old Time · wall_segment Palisade Wall x1 |
| 11:48 | Old Time · wall_segment Palisade Wall x1 |
| 11:52 | mentalist_ · age_up feudal |
| 11:56 | mentalist_ · first_building Stable |
| 12:07 | Old Time · wall_segment Palisade Wall x1 |
| 12:09 | Old Time · wall_segment Palisade Wall x1 |
| 12:27 | Old Time · wall_segment Palisade Wall x1 |
| 12:42 | Old Time · wall_segment Palisade Wall x1 |
| 12:45 | Old Time · wall_segment Palisade Wall x1 |
| 12:47 | Old Time · wall_segment Palisade Wall x1 |
| 12:48 | Old Time · wall_segment Palisade Wall x1 |
| 12:49 | Old Time · wall_segment Palisade Wall x1 |
| 13:21 | Old Time · age_up feudal |
| 13:23 | sacaninha · age_up feudal |
| 13:25 | sacaninha · first_building Stable |
| 13:51 | Old Time · wall_segment Palisade Wall x6 |
| 14:18 | Old Time · wall_segment Palisade Wall x1 |
| 14:19 | Old Time · wall_segment Palisade Wall x1 |
| 14:22 | PlaYBoY · wall_segment Palisade Wall x1 |
| 15:07 | PlaYBoY · wall_segment Palisade Wall x1 |
| 15:08 | PlaYBoY · wall_segment Palisade Wall x1 |
| 15:10 | PlaYBoY · wall_segment Palisade Wall x1 |
| 15:13 | PlaYBoY · wall_segment Palisade Wall x1 |
| 15:18 | Old Time · wall_segment Palisade Wall x6 |
| 16:47 | Old Time · wall_segment Palisade Wall x1 |
| 16:48 | Old Time · wall_segment Palisade Wall x1 |
| 16:59 | sacaninha · age_up castle |
| 17:44 | Old Time · wall_segment Stone Wall x6 |
| 17:49 | Old Time · wall_segment Stone Wall x5 |
| 18:08 | Old Time · wall_segment Stone Wall x1 |
| 18:08 | Old Time · wall_segment Stone Wall x1 |
| 18:19 | mentalist_ · wall_segment Palisade Wall x5 |
| 18:39 | Old Time · wall_segment Stone Wall x1 |
| 18:41 | Old Time · wall_segment Stone Wall x1 |
| 18:42 | mentalist_ · age_up castle |
| 18:54 | Old Time · first_market_buy 100 stone |
| 19:50 | sacaninha · first_market_buy 100 food |
| 19:51 | Old Time · wall_segment Stone Wall x1 |
| 20:42 | PlaYBoY · first_market_sell 100 wood |
| 20:44 | PlaYBoY · first_market_buy 100 food |
| 20:53 | Old Time · wall_segment Palisade Wall x1 |
| 20:54 | Old Time · wall_segment Palisade Wall x1 |
| 20:56 | Old Time · wall_segment Palisade Wall x1 |
| 21:04 | Old Time · wall_segment Palisade Wall x1 |
| 21:25 | Old Time · wall_segment Palisade Wall x4 |
| 21:26 | Old Time · wall_segment Palisade Wall x1 |
| 21:44 | Old Time · wall_segment Palisade Wall x1 |
| 21:46 | Old Time · wall_segment Palisade Wall x1 |
| 21:48 | Old Time · wall_segment Palisade Wall x1 |
| 21:49 | Old Time · wall_segment Palisade Wall x1 |
| 21:51 | Old Time · wall_segment Palisade Wall x1 |
| 22:12 | Old Time · wall_segment Palisade Wall x1 |
| 22:13 | Old Time · wall_segment Palisade Wall x1 |
| 22:29 | Old Time · wall_segment Palisade Wall x1 |
| 22:31 | Old Time · wall_segment Palisade Wall x1 |
| 22:32 | Old Time · wall_segment Palisade Wall x1 |
| 22:33 | Old Time · wall_segment Palisade Wall x1 |
| 22:34 | Old Time · wall_segment Palisade Wall x1 |
| 22:38 | Old Time · wall_segment Palisade Wall x1 |
| 23:11 | Old Time · wall_segment Palisade Wall x1 |
| 23:12 | Old Time · wall_segment Palisade Wall x1 |
| 23:51 | PlaYBoY · age_up castle |
| 23:59 | Old Time · age_up castle |
| 24:01 | Old Time · first_building Castle |
| 24:48 | mentalist_ · first_building Monastery |
| 25:05 | PlaYBoY · wall_segment Palisade Wall x1 |
| 25:09 | Old Time · first_building Monastery |
| 28:43 | sacaninha · first_market_sell 100 food |
| 29:12 | Old Time · first_market_sell 100 stone |
| 33:08 | Old Time · first_building Barracks |
| 33:33 | sacaninha · first_building Monastery |
| 33:51 | Old Time · first_building Archery Range |
| 35:59 | sacaninha · first_building Castle |
| 38:43 | sacaninha · age_up imperial |
| 39:03 | PlaYBoY · first_building Castle |
| 39:05 | mentalist_ · first_building Castle |
| 43:50 | mentalist_ · first_market_sell 100 wood |
| 44:22 | Old Time · wall_segment Stone Wall x1 |
| 44:23 | Old Time · wall_segment Stone Wall x1 |
| 44:26 | Old Time · wall_segment Stone Wall x1 |
| 44:27 | Old Time · wall_segment Stone Wall x1 |
| 44:47 | mentalist_ · age_up imperial |
| 44:58 | Old Time · age_up imperial |
| 45:24 | Old Time · wall_segment Stone Wall x1 |
| 46:07 | PlaYBoY · age_up imperial |
| 48:52 | mentalist_ · wall_segment Stone Wall x1 |
| 48:53 | mentalist_ · wall_segment Stone Wall x1 |
| 48:55 | mentalist_ · wall_segment Stone Wall x1 |
| 48:56 | mentalist_ · wall_segment Stone Wall x1 |
| 48:58 | mentalist_ · wall_segment Stone Wall x1 |
| 49:00 | mentalist_ · wall_segment Stone Wall x1 |
| 50:27 | Old Time · first_building Siege Workshop |
| 50:35 | Old Time · tribute_sent a jugador 1 |
| 50:35 | Old Time · tribute_sent a jugador 2 |
| 50:35 | Old Time · tribute_sent a jugador 4 |
| 51:10 | Old Time · wall_segment Stone Wall x1 |
| 51:13 | sacaninha · first_building Krepost |
| 51:14 | Old Time · wall_segment Stone Wall x1 |
| 51:16 | Old Time · wall_segment Stone Wall x1 |
| 51:18 | Old Time · wall_segment Stone Wall x1 |
| 51:19 | Old Time · wall_segment Stone Wall x1 |
| 52:04 | sacaninha · tribute_sent a jugador 1 |
| 52:04 | sacaninha · tribute_sent a jugador 3 |
| 52:04 | sacaninha · tribute_sent a jugador 4 |
| 54:18 | sacaninha · tribute_sent a jugador 1 |
| 54:18 | sacaninha · tribute_sent a jugador 3 |
| 54:18 | sacaninha · tribute_sent a jugador 4 |
| 55:28 | mentalist_ · first_building Siege Workshop |
| 55:51 | mentalist_ · first_building Archery Range |
| 56:02 | mentalist_ · tribute_sent a jugador 1 |
| 56:02 | mentalist_ · tribute_sent a jugador 2 |
| 56:02 | mentalist_ · tribute_sent a jugador 3 |
| 57:55 | sacaninha · tribute_sent a jugador 1 |
| 57:55 | sacaninha · tribute_sent a jugador 3 |
| 57:55 | sacaninha · tribute_sent a jugador 4 |
| 59:51 | mentalist_ · tribute_sent a jugador 1 |
| 59:51 | mentalist_ · tribute_sent a jugador 2 |
| 59:51 | mentalist_ · tribute_sent a jugador 3 |
| 60:03 | sacaninha · wall_segment Stone Wall x1 |
| 60:29 | Old Time · first_building Stable |
| 60:56 | PlaYBoY · first_building Siege Workshop |
| 61:22 | mentalist_ · tribute_sent a jugador 1 |
| 61:22 | mentalist_ · tribute_sent a jugador 2 |
| 61:22 | mentalist_ · tribute_sent a jugador 3 |
| 61:36 | sacaninha · tribute_sent a jugador 1 |
| 61:36 | sacaninha · tribute_sent a jugador 3 |
| 61:36 | sacaninha · tribute_sent a jugador 4 |
| 65:33 | mentalist_ · first_market_buy 100 stone |
| 65:48 | Old Time · resign |
[ ANÁLISIS IA · 1 CRÉDITO ]
¿Qué pasó realmente en esta partida?
Wolo.gg analiza cada decisión: build order, eco, micro, errores típicos por bracket. Análisis personalizado por WhatsApp o Discord en 30 segundos.
Guía civ
Mongoles
Guía mapa
African Clearing
Perfil
Jugador #9579739